 Dungeon Crawl Stone Soup version bcrawl-1.29.1 (webtiles) character file.

Game seed: 12073505800545893289

102124 kuzco6543 the Cudgeler (level 3, 0/30 HPs)
             Began as an Oni Sloth Apostle on Feb 11, 2021.
             Was an Initiate of Cheibriados.
             Slain by a kobold
             ... wielding a +0 falchion
              (4 damage)
             ... on level 2 of the Dungeon.
             The game lasted 00:03:14 (1204 turns).

kuzco6543 the Cudgeler (Oni Sloth Apostle)          Turns: 1204, Time: 00:03:15

Health: 0/30       AC:  2    Str: 17    XL:     3   Next: 22%
Magic:  6/6        EV:  7    Int: 14    God:    Cheibriados [......]
Gold:   71         SH:  8    Dex: 11    Spells: 3/4 levels left

rFire    . . .     SeeInvis .   a - +0 mace
rCold    . . .     Gourm    .   c - +0 medium shield
rNeg     . . .     Faith    .   b - +0 animal skin
rPois    .         Spirit   .   (helmet restricted)
rElec    .         Reflect  .   (no cloak)
rCorr    .         Harm     .   (no gloves)
MR       .....                  (no boots)
Stlth    ++........             (no amulet)
HPRegen  0.10/turn              (no ring)
MPRegen  0.10/turn              (no ring)

@: very slow
A: oni magic, claws 1, fangs 1, horns 1
a: Bend Time, Renounce Religion


You were on level 2 of the Dungeon.
You worshipped Cheibriados.
Cheibriados was noncommittal.
You were hungry.

You visited 1 branch of the dungeon, and saw 2 of its levels.

You collected 71 gold pieces.

Inventory:

Hand Weapons
 a - a +0 mace (weapon)
Missiles
 g - 25 curare-tipped needles
 h - 419 stones (quivered)
 q - 129 bolts
 r - 228 arrows
Armour
 b - a +0 animal skin (worn)
 c - a +0 medium shield (worn)
Wands
 d - a wand of paralysis (10)
Scrolls
 i - 2 scrolls of identify
 j - 2 scrolls of enchant weapon {unknown}
 l - a scroll of remove curse {unknown}
 m - a scroll of fog {unknown}
 n - a scroll of noise {unknown}
 p - a scroll of teleportation {unknown}
Potions
 f - a potion of curing {unknown}
 k - a potion of mutation {unknown}
 o - a potion of berserk rage {unknown}
 s - a potion of ambrosia {unknown}
Comestibles
 e - 4 rations {!d}
 t - 2 chunks of flesh


   Skills:
 + Level 2.6 Fighting
 + Level 2.9 Maces & Flails
 + Level 1.2 Dodging
 - Level 2.6 Stealth
 - Level 1.7 Shields
 - Level 1.0 Spellcasting
   Level 1.0 Conjurations
   Level 1.0 Hexes
   Level 1.0 Charms
   Level 1.0 Summonings
   Level 1.0 Necromancy
   Level 1.0 Translocations
   Level 1.0 Transmutations
   Level 1.0 Fire Magic
   Level 1.0 Ice Magic
   Level 1.0 Air Magic
   Level 1.0 Earth Magic
   Level 1.0 Poison Magic
 - Level 1.0 Evocations


You had 3 spell levels left.
You knew the following spells:

 Your Spells              Type           Power        Failure   Level  Hunger
a - Slow                  Hex            #.......     99%         1    None

Your spell library contained the following spells:

 Spells                   Type           Power        Failure   Level  Hunger
 Animate Skeleton         Necr           N/A          99%         1    None


Dungeon Overview and Level Annotations

Branches:
Dungeon (2/12)

Altars:


Innate Abilities, Weirdness & Mutations

You learn spells by gaining experience, not through books or religion.
You only train spellcasting to practice magic.
You have sharp fingernails.
You have very sharp teeth.
You have a pair of small horns on your head.


Message History

You are feeling hungry.
You closely miss the kobold. The kobold hits you with a +0 falchion.
You closely miss the kobold. Your headbutt misses the kobold.
The kobold hits you with a +0 falchion.
You closely miss the kobold. The kobold barely misses you.
You block the kobold's attack.
You closely miss the kobold. The kobold hits you with a +0 falchion!
You are too injured to fight recklessly!
You are too injured to fight recklessly!
You closely miss the kobold. The kobold hits you with a +0 falchion.
* * * LOW HITPOINT WARNING * * *
You barely miss the kobold. Your headbutt misses the kobold.
Your bite misses the kobold. You block the kobold's attack.
Press: ? - help, v - describe, . - travel
Here: a kobold, wielding a +0 falchion You hit the kobold but do no damage.
The kobold hits you with a +0 falchion.
* * * LOW HITPOINT WARNING * * *
Your shield prevents you from hitting the kobold.
The kobold hits you with a +0 falchion.
You die...

#......<# #...#####...#
#..)# #...#
#...#####...#
#...รท.......#
#..#######..# #..# #..#
##..# #..#######.###
....# #.....@K.....#
###.########.###########
#..........#
############


You could see a kobold.

Vanquished Creatures
  An ooze (D:1)
  A leopard gecko (D:1)
  2 bats (D:1)
  2 giant cockroaches (D:1)
  5 goblins (D:1)
  3 hobgoblins
  2 jackals (D:1)
  A quokka (D:1)
  2 kobolds
  3 rats
22 creatures vanquished.

Notes
Turn   | Place    | Note
-------+----------+-------------------------------------------
     0 | D:1      | kuzco6543 the Oni Sloth Apostle began the quest for the
                  | Orb.
     0 | D:1      | Reached XP level 1. HP: 17/17 MP: 4/4
   299 | D:1      | Reached XP level 2. HP: 23/24 MP: 5/5
   439 | D:1      | Reached skill level 1 in Dodging
   816 | D:1      | Reached XP level 3. HP: 27/30 MP: 6/6
  1204 | D:2      | Slain by a kobold

Skill      XL: |  1  2 |
---------------+-------+-----
Dodging        | 1 |  1.2
Fighting       | |  2.6
Maces & Flails | |  2.9
Stealth        | |  2.6
Shields        | |  1.7
Spellcasting   | |  1.0
Conjurations   | |  1.0
Hexes          | |  1.0
Charms         | |  1.0
Summonings     | |  1.0
Necromancy     | |  1.0
Translocations | |  1.0
Transmutations | |  1.0
Fire Magic     | |  1.0
Ice Magic      | |  1.0
Air Magic      | |  1.0
Earth Magic    | |  1.0
Poison Magic   | |  1.0
Evocations     | |  1.0

Action                   || total
-------------------------++-------
Melee: Mace              ||    57
       Headbutt          ||     6
       Bite              ||     5
 Stab: Sleeping          ||     3
  Eat: Chunk             ||     3
Armor: Animal skin       ||    12
Dodge: Dodged            ||    10
Block: Medium shield     ||    14
